 Dungeon Crawl Stone Soup version 0.20-a0-876-g2c7b0bf (console) character file.

132593 itsmu the Bewitcher (level 16, -27/124 HPs)
             Began as a Green Draconian Enchanter on Mar 15, 2017.
             Was the Champion of Wu Jian.
             Annihilated by Donald
             ... wielding a +0 broad axe
              (34 damage)
             ... on level 2 of the Snake Pit.
             The game lasted 02:14:57 (35312 turns).

itsmu the Bewitcher (Green Draconian Enchanter)    Turns: 35312, Time: 02:14:58

Health: -27/124    AC: 18    Str: 12    XL:     16   Next: 57%
Magic:  20/28      EV: 14    Int: 24    God:    Wu Jian [******]
Gold:   1111       SH:  5    Dex: 12    Spells: 8/32 levels left

rFire    . . .     SeeInvis .   b - +11 trident {pierce, Int+3}
rCold    . . .     Gourm    .   (armour unavailable)
rNeg     . . .     Faith    +   M - +0 buckler
rPois    +         Spirit   .   (helmet restricted)
rElec    .         Reflect  .   u - +0 cloak
rCorr    .         Harm     .   (no gloves)
MR       ++...                  V - +2 pair of boots
Stlth    +++++.....             p - amulet of faith
Regen    1.3/turn               m - ring of protection from magic
MPRegen  0.3/turn               r - +5 ring of protection

@: regenerating
A: breathe noxious fumes, unfitting armour, stinger 1, poison resistance,
cold-blooded, AC +9
a: Breathe Noxious Fumes, Serpent's Lash, Heaven On Earth, Renounce Religion


You were on level 2 of the Snake Pit.
You worshipped Wu Jian.
Wu Jian was exalted by your worship.
You were not hungry.

You visited 4 branches of the dungeon, and saw 25 of its levels.

You collected 2463 gold pieces.
You spent 1352 gold pieces at shops.

Inventory:

Hand Weapons
 a - a +2 dagger of venom
   (You took it off Dowan on level 6 of the Dungeon)
 b - the +11 trident of the Unspeakable One (weapon) {pierce, Int+3}
   (You found it on level 14 of the Dungeon)

   It inflicts extra damage upon your enemies.
   It affects your intelligence (+3).
 j - a +1 falchion of draining
   (You took it off an orc on level 13 of the Dungeon)
 x - a +0 blowgun
   (You found it on level 14 of the Dungeon)
 D - the +2 scimitar of Tartarus {slice, rElec}
   (You bought it in a shop on level 2 of the Orcish Mines)

   It inflicts extra damage upon your enemies.
   It insulates you from electricity.
 Q - a +0 scimitar of flaming
   (You took it off an efreet on level 13 of the Dungeon)
Missiles
 N - 5 curare-tipped needles
Armour
 u - a +0 cloak (worn)
   (You found it on level 2 of the Dungeon)
 M - a +0 buckler (worn)
   (You found it on level 7 of the Dungeon)
 V - a +2 pair of boots (worn)
   (You found it on level 8 of the Dungeon)
Jewellery
 m - a ring of protection from magic (right hand)
   (You found it on level 5 of the Lair of Beasts)
 p - an amulet of faith (around neck)
   (You found it on level 3 of the Dungeon)
 r - a +5 ring of protection (left hand)
   (You found it on level 3 of the Dungeon)
 y - an uncursed ring of protection from fire
   (You found it on level 4 of the Dungeon)
 A - an uncursed ring of protection from cold
   (You found it on level 15 of the Dungeon)
 G - a +3 ring of evasion
   (You found it on level 9 of the Dungeon)
 H - a +2 ring of dexterity {unknown}
   (You found it on level 1 of the Snake Pit)
 I - a cursed -2 ring of dexterity {unknown}
   (You found it on level 1 of the Snake Pit)
 S - an uncursed ring of protection from fire
   (You found it on level 8 of the Dungeon)
 Y - an uncursed ring of protection from cold
   (You found it on level 3 of the Lair of Beasts)
 Z - an uncursed ring of see invisible
   (You found it on level 3 of the Lair of Beasts)
Wands
 g - a wand of paralysis (17/24)
   (You found it on level 5 of the Lair of Beasts)
 t - a wand of iceblast (9/15)
   (You found it on level 1 of the Snake Pit)
 B - a wand of disintegration (15/24)
   (You found it on level 1 of the Lair of Beasts)
 P - a wand of iceblast (4/15)
   (You found it on level 1 of the Lair of Beasts)
Scrolls
 h - 16 scrolls of teleportation
 v - 2 scrolls of fog
 J - a scroll of remove curse
 L - 3 scrolls of magic mapping
 O - a scroll of amnesia
Potions
 d - 13 potions of curing
 e - 4 potions of berserk rage
 f - a potion of brilliance
 i - 2 potions of resistance
 l - 3 potions of lignification
 n - 2 potions of magic
 o - a potion of haste
 s - 2 potions of might
 w - 2 potions of cancellation
 C - 3 potions of agility
 E - 3 potions of flight
 R - a potion of ambrosia
Miscellaneous
 F - a phantom mirror
Comestibles
 k - 11 meat rations
 q - 11 bread rations
 z - 5 royal jellies
 W - 37 fruits


   Skills:
 - Level 6.6 Fighting
 - Level 14.1 Short Blades
 + Level 6.4 Polearms
 - Level 4.5 Dodging
 - Level 12.2 Stealth
 - Level 4.6 Shields
 - Level 8.5 Spellcasting
 - Level 16.6 Hexes
 - Level 3.3 Charms
 - Level 3.8 Necromancy


You had 8 spell levels left.
You knew the following spells:

 Your Spells              Type           Power        Failure   Level  Hunger
a - Corona                Hex            ######.      0%          1    None
b - Ensorcelled Hibernat  Hex/Ice        ######       1%          2    None
c - Confuse               Hex            ######..     1%          3    None
d - Tukima's Dance        Hex            ######..     1%          3    None
K - Spectral Weapon       Hex/Chrm       ######..     1%          3    None
M - Metabolic Englaciati  Hex/Ice        ######....   8%          5    ####...
P - Song of Slaying       Chrm           ####....     2%          2    None
R - Regeneration          Chrm/Necr      ####......   4%          3    None
S - Shroud of Golubria    Chrm/Tloc      ###.......   6%          2    None


Dungeon Overview and Level Annotations

Branches:
Dungeon (15/15)            Temple (0/1) D:5            Lair (6/6) D:8
  Swamp (0/4) Lair:2        Snake (2/4) Lair:4        Slime (0/5) Lair:5
    Orc (2/2) D:11            Elf (0/3) Orc:2        Vaults (0/5) D:13
 Depths: D:15

Altars:
Ashenzari
Cheibriados
Hepliaklqana
Kikubaaqudgha
Makhleb
Nemelex Xobeh
Qazlal
Sif Muna
Trog
Uskayaw
Wu Jian
Xom
The Shining One
Beogh
Jiyva

Shops:
D:4 !   D:5 (   D:10 ??   D:14 *   Orc:2 }(?[

Annotations:
Lair:6 Kirke
Snake:2 Donald, Vashnia


Innate Abilities, Weirdness & Mutations

You can breathe blasts of noxious fumes.
Your lurid green scales are hard. (AC +9)
You cannot fit into any form of body armour.
Your tail ends in a poisonous barb.
Your system is resistant to poisons. (rPois)
You are cold-blooded and may be slowed by cold attacks.


Message History

Okay, then.
Unknown command.
Casting: Regeneration
Confirm with . or Enter, or press ? or * to list all spells.
Aiming: Confuse
Press: ? - help, Shift-Dir - straight line, f - Donald
Aim: Donald, wielding a broad axe, wearing a runed plate armour and wearing a shield (almost dead, fast, unusually strong, chance to defeat MR: 18%)
Okay, then.
Unknown command.
Unknown command.
Evoke which item? (* to show all) (? for menu, Esc to quit)
Aiming: Phantom Mirror
Press: ? - help, Dir - move target cursor, f - Donald
Aim: Donald, wielding a broad axe, wearing a runed plate armour and wearing a shield (almost dead, fast, unusually strong)
You reflect Donald with the mirror, and the mirror shatters!
Donald says, "itsmu, I like you."
Donald blocks Donald's attack.
Donald says, "I'd like to make these snakes into gloves, but I hate gloves."
Donald hits you with a broad axe!!
You die...

# #....##..# #
##....#..# #
#####......# #
#..##......#
##..........#
#...........##
##............## ###
##..####.####...####.##
##..##
#..###§M)[.....##
##.###
##....)@@.[..##..##
#..#
#..........#####..#
..## ##)#######..#
##.### .## ##.## ##.#
##..# .######..# #.#
#.N..# ..##....## ##.#
#...## ...###### #..#
##.## .### ##..# .#


You could see Donald and the friendly Donald.

Vanquished Creatures
  An ettin (Orc:2)
  3 naga warriors
  3 ogre magi
  Fannar (Lair:2)
  Erolcha (Orc:2)
  An ice dragon (Lair:6)
  8 hydras
  6 anacondas
  A centaur warrior (D:13)
  18 two-headed ogres
  3 naga sharpshooters (Snake:1)
  10 death yaks
  A tengu warrior (D:13)
  2 orc high priests (Orc:1)
  A fire crab (shapeshifter) (D:13)
  An iron troll (D:13)
  3 unseen horrors
  A sea snake (Snake:2)
  2 deep trolls (Orc:2)
  5 naga ritualists (Snake:1)
  A lindwurm (Lair:6)
  2 wolf spider zombies
  3 orc knights
  A deep elf mage (D:14)
  4 mana vipers (Snake:1)
  A shining eye (shapeshifter) (D:13)
  3 orc sorcerers (Orc:1)
  A salamander (Snake:1)
  3 cyclopes
  21 ugly things
  29 black mambas
  A manticore (D:13)
  8 elephants
  A centaur zombie (D:13)
  2 naga magi (Snake:1)
  10 spiny frogs
  8 torpor snails
  A centaur skeleton (D:15)
  3 rime drakes
  6 komodo dragons
  5 kobold demonologists
  An efreet (D:13)
  A polar bear (shapeshifter) (D:13)
  4 tyrant leeches (Lair:6)
  3 polar bears
  14 trolls
  Prince Ribbit (D:6)
  8 hippogriffs
  7 hornets
  12 blink frogs
  5 dream sheep
  Sigmund (D:2)
  2 shadows
  5 wyverns
  69 yaks
  2 wraiths
  4 hogs (Lair:6)
  Grum (D:11)
  3 basilisks
  2 hungry ghosts
  5 swamp worms (Lair:2)
  6 wargs
  6 vampire mosquitoes
  9 nagas
  Edmund (D:6)
  Duvessa (D:6)
  10 water moccasins
  9 porcupines
  4 ice beasts
  20 orc warriors
  5 sky beasts
  3 phantoms
  A black bear (D:12)
  4 necrophages
  28 ogres
  14 wolves
  The ghost of itsmu the Vexing, an amateur DrEn (D:3)
  6 centaurs
  3 eyes of draining
  9 crocodiles
  3 big kobolds
  23 bullfrogs
  A water moccasin zombie (D:9)
  Dowan (D:6)
  5 scorpions
  5 killer bees
  4 wights (D:6)
  7 electric eels
  2 howler monkeys
  8 crimson imps
  3 bullfrog zombies
  4 jellies
  4 hounds
  2 quasits
  3 bullfrog skeletons
  20 orc priests
  4 iguanas
  Ijyb (D:2)
  6 hell rats (Lair:4)
  24 orc wizards
  4 worker ants
  A hound skeleton (D:4)
  9 adders
  A shadow imp (D:12)
  A white imp (D:5)
  3 oozes
  2 adder skeletons
  4 worms
  A dart slug (D:1)
  7 leopard geckos
  104 orcs
  4 ball pythons
  11 giant cockroaches
  7 goblins
  13 hobgoblins
  16 jackals
  16 kobolds
  4 quokkas
  A bat (D:2)
  7 frilled lizards
  4 rats
  3 fungi
829 creatures vanquished.

Vanquished Creatures (others)
  5 fungi
  37 plants
  A spectral weapon (Snake:2)
43 creatures vanquished.

Grand Total: 872 creatures vanquished

Notes
Turn   | Place    | Note
-------+----------+-------------------------------------------
     0 | D:1      | itsmu the Draconian Enchanter began the quest for the Orb.
     0 | D:1      | Reached XP level 1. HP: 14/14 MP: 3/3
   473 | D:1      | Reached skill level 3 in Hexes
   473 | D:1      | Reached XP level 2. HP: 9/20 MP: 5/5
   481 | D:1      | Learned a level 2 spell: Ensorcelled Hibernation
  1334 | D:1      | Reached XP level 3. HP: 16/26 MP: 1/6
  1800 | D:2      | Learned a level 3 spell: Confuse
  1831 | D:2      | Noticed Sigmund
  1948 | D:2      | Noticed Ijyb
  2080 | D:2      | Killed Ijyb
  2080 | D:2      | Reached XP level 4. HP: 26/33 MP: 0/7
  2166 | D:2      | Found a faded altar of an unknown god.
  2566 | D:2      | Found an ornate altar of the Wu Jian Council.
  2736 | D:2      | Killed Sigmund
  2736 | D:2      | Reached skill level 4 in Hexes
  2736 | D:2      | Reached XP level 5. HP: 19/38 MP: 1/8
  3184 | D:3      | Reached XP level 6. HP: 15/45 MP: 0/9
  3502 | D:3      | Noticed itsmu's ghost (amateur DrEn)
  3625 | D:3      | Killed itsmu's ghost
  3625 | D:3      | Reached skill level 5 in Hexes
  4166 | D:3      | Found a sparkling altar of Nemelex Xobeh.
  4224 | D:2      | Became a worshipper of the Wu Jian Council
  4730 | D:4      | Your scales start taking on a lurid green colour.
  4730 | D:4      | Reached XP level 7. HP: 50/50 MP: 2/10
  4730 | D:4      | Gained mutation: Your system is resistant to poisons. (rPois) [Green Draconian growth]
  5079 | D:4      | Found a shimmering altar of Xom.
  5080 | D:4      | Found a hazy altar of Hepliaklqana.
  5080 | D:4      | Noticed a wyvern
  5081 | D:4      | Noticed a spectral ugly thing
  5081 | D:4      | Noticed a wyvern
  5363 | D:4      | Found Usomale's Distillery.
  5576 | D:4      | Reached * piety under Wu Jian
  5598 | D:4      | Found a glowing golden altar of the Shining One.
  5792 | D:5      | Entered Level 5 of the Dungeon
  5897 | D:5      | Found a deep blue altar of Sif Muna.
  5954 | D:5      | Reached skill level 6 in Hexes
  5961 | D:5      | Found a staircase to the Ecumenical Temple.
  6350 | D:5      | Reached skill level 5 in Stealth
  6350 | D:5      | Reached XP level 8. HP: 33/57 MP: 7/12
  6836 | D:5      | Found Muedd's Weapon Shoppe.
  6873 | D:6      | Noticed Prince Ribbit
  6934 | D:6      | Noticed Dowan
  6938 | D:6      | Noticed Duvessa
  6942 | D:6      | Killed Prince Ribbit
  6942 | D:6      | Reached skill level 5 in Short Blades
  6966 | D:6      | Killed Dowan
  6966 | D:6      | Reached skill level 7 in Hexes
  7110 | D:6      | Noticed Edmund
  7126 | D:6      | Killed Edmund
  7295 | D:6      | Found a hide-covered altar of Uskayaw.
  7439 | D:6      | Reached ** piety under Wu Jian
  7490 | D:6      | Reached XP level 9. HP: 56/61 MP: 11/15
  8444 | D:7      | Found a shattered altar of Ashenzari.
  8517 | D:7      | Learned a level 3 spell: Tukima's Dance
  8552 | D:7      | Found a snail-covered altar of Cheibriados.
  8553 | D:7      | Found a burning altar of Makhleb.
  8554 | D:7      | Found a stormy altar of Qazlal.
  8555 | D:7      | Found an ancient bone altar of Kikubaaqudgha.
  8556 | D:7      | Found a bloodstained altar of Trog.
  8982 | D:6      | Reached skill level 1 in Shields
  8999 | D:6      | Reached skill level 1 in Fighting
  8999 | D:6      | Reached skill level 8 in Hexes
  9245 | D:6      | Killed Duvessa
  9769 | D:8      | Reached skill level 5 in Spellcasting
 10235 | D:8      | Found a staircase to the Lair.
 10237 | D:8      | oh right i should actually identify things
 10247 | D:8      | fuck.
 10600 | D:9      | Reached *** piety under Wu Jian
 10603 | D:9      | Reached XP level 10. HP: 74/74 MP: 17/17
 11659 | D:10     | Entered Level 10 of the Dungeon
 11659 | D:10     | Found Ziunociade's Magic Scroll Boutique.
 11665 | D:10     | Bought a scroll of fog for 26 gold pieces
 11665 | D:10     | Bought a scroll of teleportation for 39 gold pieces
 11665 | D:10     | Bought a scroll of teleportation for 39 gold pieces
 11665 | D:10     | Bought a scroll of teleportation for 39 gold pieces
 11665 | D:10     | Bought a scroll of teleportation for 39 gold pieces
 11680 | D:10     | Found Sopn's Magic Scroll Shop.
 11933 | Lair:1   | Entered Level 1 of the Lair of Beasts
 11987 | Lair:1   | Learned a level 3 spell: Spectral Weapon
 11991 | Lair:1   | Learned a level 3 spell: Regeneration
 11994 | Lair:1   | Learned a level 2 spell: Shroud of Golubria
 11997 | Lair:1   | Learned a level 2 spell: Song of Slaying
 12225 | Lair:1   | Reached skill level 9 in Hexes
 12231 | Lair:1   | Found a hazy altar of Hepliaklqana.
 12749 | Lair:1   | Reached **** piety under Wu Jian
 13010 | Lair:2   | Noticed a spiny frog
 13042 | Lair:2   | Killed a spiny frog
 13293 | Lair:2   | Reached XP level 11. HP: 79/83 MP: 7/19
 13511 | Lair:2   | Noticed a death yak
 13540 | Lair:2   | Noticed a death yak
 13541 | Lair:2   | Noticed a death yak
 13543 | Lair:2   | Noticed a death yak
 13543 | Lair:2   | Noticed a death yak
 13588 | Lair:2   | Killed a death yak
 13605 | Lair:2   | Noticed a six-headed hydra
 13775 | Lair:2   | Reached skill level 12 in Hexes
 13775 | Lair:2   | Reached XP level 12. HP: 90/91 MP: 19/21
 13884 | Lair:2   | Killed a six-headed hydra
 13999 | Lair:2   | Killed a death yak
 14232 | Lair:1   | Killed a death yak
 14232 | Lair:1   | Reached skill level 5 in Fighting
 14612 | Lair:2   | Killed a death yak
 14637 | Lair:2   | Killed a death yak
 14786 | Lair:2   | Found a staircase to the Swamp.
 14990 | Lair:3   | Noticed a six-headed hydra
 15024 | Lair:3   | Killed a six-headed hydra
 15431 | Lair:3   | Reached skill level 13 in Hexes
 15436 | Lair:3   | Noticed Fannar
 15449 | Lair:3   | Noticed a six-headed hydra
 15588 | Lair:2   | Killed Fannar
 16010 | Lair:3   | Reached XP level 13. HP: 101/101 MP: 16/23
 16475 | Lair:4   | Found a staircase to the Snake Pit.
 16550 | Lair:4   | Reached ***** piety under Wu Jian
 17827 | Lair:5   | Found a staircase to the Slime Pits.
 17828 | Lair:5   | Found a viscous altar of Jiyva.
 17844 | Lair:6   | Entered Level 6 of the Lair of Beasts
 18563 | Lair:5   | Reached skill level 10 in Short Blades
 20032 | Lair:6   | Reached skill level 14 in Hexes
 20539 | Lair:6   | Gained mutation: Your tail ends in a poisonous barb. [Green Draconian growth]
 20539 | Lair:6   | Reached XP level 14. HP: 110/110 MP: 15/25
 20741 | Lair:6   | Reached ****** piety under Wu Jian
 21102 | Lair:6   | Noticed Kirke
 21513 | Lair:6   | Found a runed door.
 22063 | Lair:6   | Reached skill level 10 in Stealth
 22601 | Lair:1   | Learned a level 5 spell: Metabolic Englaciation
 23145 | D:11     | Noticed Grum
 23156 | D:11     | Killed Grum
 23285 | D:11     | Reached skill level 15 in Hexes
 23786 | D:11     | Found a staircase to the Orcish Mines.
 25832 | D:13     | Reached XP level 15. HP: 89/116 MP: 26/26
 26129 | D:13     | Found a gate to the Vaults.
 27224 | D:14     | Got an ancient trident
 27403 | D:14     | Found Sefetuiw's General Store.
 27406 | D:14     | Bought a scroll of teleportation for 48 gold pieces
 27973 | D:15     | Entered Level 15 of the Dungeon
 28040 | D:15     | Reached skill level 16 in Hexes
 28646 | Orc:1    | Entered Level 1 of the Orcish Mines
 28873 | Orc:1    | Paralysed by an orc sorcerer for 4 turns
 28943 | Orc:1    | Found a roughly hewn altar of Beogh.
 29697 | Orc:2    | Entered Level 2 of the Orcish Mines
 29724 | Orc:2    | Noticed Erolcha
 29734 | Orc:2    | Killed Erolcha
 29869 | Orc:2    | Reached skill level 1 in Necromancy
 29884 | Orc:2    | Reached skill level 1 in Charms
 30461 | Orc:2    | Found a staircase to the Elven Halls.
 30525 | Orc:2    | Reached XP level 16. HP: 123/123 MP: 25/28
 30818 | Orc:2    | Found Betuxal's Armour Shoppe.
 30822 | Orc:2    | Found Xeengura's Antique Weapon Shoppe.
 30828 | Orc:2    | Found Aniaca's Gadget Boutique.
 30835 | Orc:2    | Found Jiesu's Magic Scroll Emporium.
 30855 | Orc:2    | Bought a slimy scimitar for 297 gold pieces
 30873 | Orc:2    | Bought a scroll of teleportation for 45 gold pieces
 30878 | Orc:2    | Bought a phantom mirror for 390 gold pieces
 30878 | Orc:2    | Bought a phantom mirror for 390 gold pieces
 30887 | Orc:2    | Identified the +2 scimitar of Tartarus {slice, rElec} (You bought it in a shop on level 2 of the Orcish Mines)
 30888 | Orc:2    | Identified the +11 trident of the Unspeakable One {pierce, Int+3} (You found it on level 14 of the Dungeon)
 31641 | Snake:1  | Entered Level 1 of the Snake Pit
 31704 | Lair:4   | good start.
 32818 | Snake:1  | Reached skill level 1 in Polearms
 33800 | Snake:2  | Reached skill level 5 in Polearms
 34112 | Snake:2  | Noticed Vashnia
 34155 | Snake:2  | um.
 35077 | Snake:2  | uh oh.
 35087 | Snake:2  | Noticed Donald
 35311 | Snake:2  | HP: 6/124 [Donald/broad axe (46)]
 35312 | Snake:2  | nooooooo.
 35312 | Snake:2  | Annihilated by Donald

Vault maps used:
D:1:      dpeg_arrival_refuge
D:2:      nicolae_overflow_hidden_temple,
          chequers_ecumenical_altar_simple_redux, uniq_iyjb, uniq_sigmund,
          uniq_crazy_yiuf_cottage
D:3:      portal_sewer_entry_b, first_bread, nemelex_dance_club_becter
D:4:      regret_index_temple_of_mockery, kennysheep_mini, serial_shops,
          shop_statue, minmay_liquid_box, roderic_three_in_a_row,
          minmay_crossroads
D:5:      lemuel_crystal_altar, minmay_temple_entry_statues_pillars,
          serial_shops, shop_statue, minmay_fire_ice_demons
D:6:      marbit_many_paths, kennysheep_generic_room_7, uniq_edmund,
          uniq_prince_ribbit1, uniq_duvessa
D:7:      kennysheep_mini_moat, minitemple, minivault_11
D:8:      lair_entry_dummy
D:9:      nicolae_whirlpool
D:10:     serial_shops, shop, shop, serial_bayou_pond_e
D:11:     cheibrodos_orc_bank, minmay_orc_entry_guard_dogs, uniq_grum
D:13:     david_vaults_4, grunt_tengu_nest
D:14:     serial_bayou_pond_d, serial_shops, nicolae_shop_behind_doors
D:15:     hangedman_depths_entry_try_elsewhere_first, hangedman_decor_opposing,
          minmay_guarded_unrand_prune
Lair:1:   basic_altar
Lair:2:   nicolae_swamp_entry_splash_gauntlet, patterned_corridor
Lair:3:   uniq_fannar
Lair:4:   guppyfry_snake_entry_island, serial_forest,
          infiniplex_forest_lined_corner, infiniplex_forest_lined_ring,
          infiniplex_forest_lined_room_3, infiniplex_forest_lined_corner,
          infiniplex_forest_end_1, infiniplex_forest_clump_curved,
          infiniplex_forest_straight_2, infiniplex_forest_clump_tiny,
          lemuel_fruit_tree
Lair:5:   slime_altar_1, serial_bayou, serial_bayou_pond_d, serial_bayou_pond_e,
          serial_bayou_shore_b, serial_bayou_lagoon_b
Lair:6:   wormcave, uniq_kirke
Snake:2:  serial_bayou_lake_a, serial_bayou_shore_a, minmay_shop_grove,
          uniq_vashnia, uniq_donald
Orc:1:    nicolae_orc_accident_1, minmay_orc_temple_c
Orc:2:    st_orc_open, uniq_erolcha

Skill      XL: |  1  2  3  4  5  6  7  8  9 10 11 12 13 14 15 16 |
---------------+-------------------------------------------------+-----
Hexes          | 3 4 5 6 7 8 9 12 13 14 15 16 | 16.6
Short Blades   | 2 3 4 5 6 7 9 11 12 14 | 14.1
Stealth        | 3 4 5 6 7 8 9 10 11 12 | 12.2
Spellcasting   | 3 4 5 6 7 8 |  8.5
Shields        | 2 4 |  4.6
Fighting       | 2 4 6 |  6.6
Dodging        | 3 4 |  4.5
Necromancy     | 2 3 |  3.8
Charms         | 2 3 |  3.3
Polearms       | 6 |  6.4

Action                   |  1- 3 |  4- 6 |  7- 9 | 10-12 | 13-15 | 16-18 || total
-------------------------+-------+-------+-------+-------+-------+-------++-------
Melee: Dagger            |   137 |   252 |   373 |   352 |  1447 |   114 ||  2675
       Tailslap          |    10 |    17 |    43 |    37 |   171 |    16 ||   294
       Rapier            |       |       |       |       |    12 |       ||    12
       Scimitar          |       |       |       |       |    15 |       ||    15
       Trident           |       |       |       |       |       |   112 ||   112
 Cast: Corona            |     4 |     3 |     1 |       |     2 |       ||    10
       Ensorcelled Hiber |    17 |    44 |    56 |    94 |   442 |    90 ||   743
       Confuse           |       |     4 |    37 |    41 |    97 |    17 ||   196
       Spectral Weapon   |       |       |       |     2 |     1 |    12 ||    15
       Song of Slaying   |       |       |       |     1 |     1 |       ||     2
       Metabolic Englaci |       |       |       |       |     8 |       ||     8
       Shroud of Golubri |       |       |       |       |     2 |    13 ||    15
       Regeneration      |       |       |       |       |       |    19 ||    19
Invok: Serpent's Lash    |       |       |       |       |     1 |       ||     1
 Abil: Breathe Noxious F |       |       |    17 |    19 |    32 |     4 ||    72
Evoke: Wand              |       |       |       |       |       |     2 ||     2
       Phantom mirror    |       |       |       |       |       |     1 ||     1
  Use: Potion            |     4 |     2 |     2 |     4 |     4 |     1 ||    17
       Scroll            |       |     2 |    19 |       |     8 |     3 ||    32
 Stab: Sleeping          |    13 |    31 |    44 |    53 |   279 |    47 ||   467
       Invisible         |       |     1 |       |       |       |       ||     1
       Confused          |       |     2 |    23 |    29 |    78 |    11 ||   143
       Distracted        |       |       |       |       |     3 |     4 ||     7
  Eat: Chunk             |     5 |     8 |    20 |    20 |    48 |     5 ||   106
       Bread ration      |       |     1 |       |       |       |       ||     1
       Fruit             |       |       |     4 |     2 |     9 |    11 ||    26
       Royal jelly       |       |       |     2 |       |       |     1 ||     3
Armor: Skin              |    45 |    65 |    71 |    73 |   237 |    56 ||   547
Dodge: Dodged            |    71 |   111 |   117 |   104 |   545 |   109 ||  1057
Block: Buckler           |       |       |       |    23 |   174 |    46 ||   243
